 Dungeon Crawl Stone Soup version 0.23.2-33-g5129a83184 (webtiles) character file.

Game seed: 9621444340126637464

256 Derp the Poker (level 5, -1/42 HPs)
             Began as a Demonspawn Berserker on July 21, 2019.
             Was a Believer of Trog.
             Slain by Duvessa
             ... wielding a +4 short sword of freezing
              (5 damage)
             ... on level 4 of the Dungeon.
             The game lasted 00:06:17 (2479 turns).

Derp the Poker (Demonspawn Berserker)               Turns: 2479, Time: 00:06:17

Health: -1/42      AC: 14    Str: 18    XL:     5   Next: 92%
Magic:  5/5        EV:  8    Int:  9    God:    Trog [**....]
Gold:   135        SH:  0    Dex: 12    Spells: 4/4 levels left

rFire    . . .     SeeInvis .   a - +0 spear
rCold    . . .     Gourm    .   (no shield)
rNeg     . . .     Faith    .   o - +0 chain mail
rPois    .         Spirit   .   (no helmet)
rElec    .         Reflect  .   (no cloak)
rCorr    .         Harm     .   (no gloves)
MR       .....                  d - +0 pair of boots
Stlth    ..........             (no amulet)
HPRegen  0.14/turn              k - +5 ring of protection
MPRegen  0.09/turn              (no ring)

@: berserk cooldown, slowed, very slow
A: demonic guardian 1, nightstalker 1
a: Berserk, Trog's Hand, Renounce Religion


You were on level 4 of the Dungeon.
You worshipped Trog.
Trog was pleased with you.
You were not hungry.

You visited 1 branch of the dungeon, and saw 6 of its levels.

You collected 135 gold pieces.

Inventory:

Hand Weapons
 a - a +0 spear (weapon)
 h - a +0 hunting sling
Armour
 b - a +0 animal skin
 d - a +0 pair of boots (worn)
 i - a +0 robe of resistance
 o - a +0 chain mail (worn)
Jewellery
 k - a +5 ring of protection (left hand)
Scrolls
 m - 2 scrolls of identify
 q - a scroll of magic mapping {unknown}
Potions
 e - a potion of degeneration {unknown}
 f - a potion of heal wounds {unknown}
 g - 2 potions of curing {unknown}
 j - 3 potions of flight {unknown}
 l - a potion of haste {unknown}
 n - a potion of resistance {unknown}
 p - a potion of magic {unknown}
Comestibles
 c - 4 rations


   Skills:
 + Level 3.9 Fighting
 + Level 4.4 Polearms
 + Level 2.0 Armour
 + Level 2.5 Dodging
 + Level 2.5 Stealth


You had 4 spell levels left.
You didn't know any spells.
Your spell library was empty.

Dungeon Overview and Level Annotations

Branches:
Dungeon (6/15)             Temple (0/1) D:4

Altars:
Fedhas
Qazlal

Annotations:
D:4 3 runed translucent doors, Duvessa


Innate Abilities, Weirdness & Mutations

A weak demonic guardian rushes to your aid.
You are slightly more attuned to the shadows.


Message History

Duvessa freezes you.
* * * LOW HITPOINT WARNING * * *
Your shadow imp misses the orc.
You are too berserk!
Found a blackened diamond amulet.
You feel a strong urge to attack something.
You are no longer berserk.
You are exhausted.
You feel yourself slow down.
Your shadow imp barely misses the orc.
Found a stone staircase leading up.
Okay, then.
Okay, then.
Your shadow imp gestures at the orc.
The orc writhes in agony!
The orc dies!
Trog accepts your kill. Duvessa hits you but does no damage.
Duvessa barely misses you.
Duvessa hits you with a +4 short sword of freezing.
You die...

.........#...#..
#...........#..
#..........###. #
#.....>........ #.
##...<....#.....
##.#!##.......###).>..
.......###[....#.....
#.##.##..###.).........
#.....@e...5)......###.
.......s.#####......#..
......##.# ###....#..
...... .... ........
......#."### ###...
..<..###.# ##.. .....
#.# ##. ##.. #...


You could see Duvessa (berserk), a giant cockroach and a friendly shadow imp.

Vanquished Creatures
  Dowan (D:4)
  A hound (D:4)
  A centaur skeleton (D:4)
  A killer bee zombie (D:4)
  A gnoll (D:1)
  4 adders (D:2)
  An ooze (D:1)
  2 worms (D:2)
  3 dart slugs (D:1)
  An orc (D:4)
  12 bats
  3 giant cockroaches (D:2)
  5 goblins
  6 hobgoblins
  2 jackals (D:2)
  5 kobolds
  A ball python (D:2)
  7 frilled lizards
  7 rats
64 creatures vanquished.

Vanquished Creatures (collateral kills)
  An iguana (D:5)
  An orc (D:4)
2 creatures vanquished.

Grand Total: 66 creatures vanquished

Notes
Turn   | Place    | Note
-------+----------+-------------------------------------------
     0 | D:1      | Derp the Demonspawn Berserker began the quest for the Orb.
     0 | D:1      | Reached XP level 1. HP: 18/18 MP: 1/1
    83 | D:1      | Reached skill level 3 in Polearms
    83 | D:1      | Gained mutation: You are slightly more attuned to the
                  | shadows. [demonic ancestry]
    83 | D:1      | Reached XP level 2. HP: 23/24 MP: 2/2
   277 | D:1      | Gained mutation: A weak demonic guardian rushes to your
                  | aid. [demonic ancestry]
   277 | D:1      | Reached XP level 3. HP: 29/29 MP: 3/3
   390 | D:1      | Reached ** piety under Trog
   676 | D:1      | Reached skill level 1 in Stealth
  1024 | D:2      | Found a blossoming altar of Fedhas.
  1056 | D:2      | Reached XP level 4. HP: 18/35 MP: 4/4
  1876 | D:2      | Found a stormy altar of Qazlal.
  2353 | D:3      | Reached skill level 4 in Polearms
  2365 | D:3      | You fall through a shaft for 3 floors!
  2370 | D:5      | Entered Level 5 of the Dungeon
  2405 | D:4      | Found a runed translucent gate.
  2405 | D:4      | Found a runed translucent gate.
  2405 | D:4      | Found a runed translucent gate.
  2414 | D:4      | Found a staircase to the Ecumenical Temple.
  2437 | D:4      | Noticed Duvessa
  2438 | D:4      | Noticed Dowan
  2452 | D:4      | Reached XP level 5. HP: 42/42 MP: 5/5
  2458 | D:4      | Killed Dowan
  2479 | D:4      | Slain by Duvessa

Skill      XL: |  1  2  3  4  5 |
---------------+----------------+-----
Polearms       | 3 4 |  4.4
Dodging        | 2 |  2.5
Stealth        | 1 2 |  2.5
Armour         | 2 |  2.0
Fighting       | |  3.9

Action                   |  1- 3 |  4- 6 || total
-------------------------+-------+-------++-------
Melee: Spear             |   126 |   125 ||   251
Invok: Berserk           |     1 |     1 ||     2
       Trog's Hand       |       |     1 ||     1
  Use: Scroll            |     3 |     1 ||     4
 Stab: Sleeping          |     7 |     6 ||    13
  Eat: Ration            |       |     2 ||     2
       Chunk             |       |     1 ||     1
Armor: Animal skin       |    34 |    24 ||    58
       Chain mail        |       |    38 ||    38
Dodge: Dodged            |    51 |    65 ||   116
